 Dungeon Crawl Stone Soup version 0.19-a0-593-gf2cdb02 (webtiles) character file.

2377 Heskey the Fighter (level 9, -14/63 HPs)
             Began as a Gargoyle Fighter on June 10, 2016.
             Was a Follower of Uskayaw.
             Killed from afar by a gargoyle (22 damage)
             ... with a stone arrow
             ... on level 7 of the Dungeon.
             The game lasted 00:10:43 (6157 turns).

Heskey the Fighter (Gargoyle Fighter)               Turns: 6157, Time: 00:10:44

Health: -14/63     AC: 17    Str: 26    XL:     9   Next: 45%
Magic:  9/9        EV:  7    Int:  9    God:    Uskayaw [*.....]
Gold:   202        SH:  9    Dex:  9    Spells: 0 memorised, 8 levels left

rFire  . . .     SeeInvis .     a - +0 flail
rCold  . . .     Gourm    .     b - +0 scale mail
rNeg   + . .     Faith    .     c - +0 shield
rPois  ∞         Spirit   .     g - +1 helmet
rElec  +         Dismiss  .     E - +0 cloak
rCorr  .         Reflect  .     (no gloves)
SustAt .         Harm     .     (no boots)
MR     .....                    (no amulet)
Stlth  ..........               G - +3 ring of strength
                                e - ring of poison resistance

@: not resistant to hostile enchantments, extremely unstealthy
A: negative energy resistance 1, electricity resistance, unbreathing,
petrification resistance, rot immunity, AC +5
a: Stomp, Renounce Religion


You were on level 7 of the Dungeon.
You worshipped Uskayaw.
Uskayaw was aware of your devotion.
You were not hungry.

You visited 1 branch of the dungeon, and saw 7 of its levels.
You also visited: Sewer.

You collected 359 gold pieces.
You spent 157 gold pieces at shops.

Inventory:

Hand Weapons
 a - a +0 flail (weapon)
Missiles
 d - 5 poisoned tomahawks (quivered)
Armour
 b - a +0 scale mail (worn)
 c - a +0 shield (worn)
 g - a +1 helmet (worn)
 E - a +0 cloak (worn)
Jewellery
 e - a ring of poison resistance (left hand)
 r - an uncursed ring of see invisible
 G - a +3 ring of strength (right hand)
Wands
 B - a wand of iceblast (5/15)
 C - a wand of teleportation (6/9)
 F - a wand of enslavement (17/24)
 H - a wand of random effects (8/48)
Scrolls
 i - 4 scrolls of identify
 j - 2 scrolls of immolation {unknown}
 m - 4 scrolls of remove curse
 n - 3 scrolls of fear {unknown}
 p - 4 scrolls of recharging
 q - 3 scrolls of noise {unknown}
 t - a scroll of blinking {unknown}
 u - 4 scrolls of teleportation {unknown}
 w - 3 scrolls of magic mapping {unknown}
 y - 2 scrolls of fog {unknown}
 J - a scroll of amnesia {unknown}
 L - 2 scrolls of random uselessness {unknown}
 O - 2 scrolls of enchant weapon {unknown}
Potions
 k - 6 potions of heal wounds
 o - a potion of berserk rage {unknown}
 s - a potion of mutation {unknown}
 x - 3 potions of curing
 z - a potion of magic {unknown}
 A - 2 potions of brilliance {unknown}
 I - a potion of haste {unknown}
 M - 2 potions of flight
 P - a potion of agility {unknown}
Books
 v - a book of Debilitation

   Spells                             Type                      Level
   a - Corona                         Hexes                        1
   b - Slow                           Hexes                        2
   c - Gell's Gravitas                Hexes/Translocation          3
   d - Inner Flame                    Hexes/Fire                   3
   e - Cause Fear                     Hexes                        4
   f - Leda's Liquefaction            Hexes/Earth                  4
 D - a book of Callings

   Spells                             Type                      Level
   a - Summon Small Mammal            Summoning                    1
   b - Call Imp                       Summoning                    2
   c - Call Canine Familiar           Summoning                    3
   d - Summon Guardian Golem          Hexes/Summoning              3
   e - Summon Lightning Spire         Summoning/Air                4
   f - Summon Ice Beast               Ice/Summoning                4
Comestibles
 f - 10 bread rations
 h - 6 fruits
 l - 7 meat rations
 K - a slice of pizza


   Skills:
 * Level 10.3 Fighting
 + Level 6.2 Maces & Flails
 + Level 7.5 Armour
 - Level 3.2 Shields


You had 8 spell levels left.
You didn't know any spells.

Dungeon Overview and Level Annotations

Branches:
Dungeon (7/15)             Temple (0/1) D:6

Altars:
Ashenzari
Elyvilon
Fedhas
Okawaru
Pakellas
Ru
Sif Muna
Uskayaw
Vehumet
Yredelemnul
Zin
The Shining One

Shops:
D:5 =??!   D:6 :


Innate Abilities, Weirdness & Mutations

You are resistant to torment.
Your stone body is resilient. (AC +5)
You are immune to poison.
You resist negative energy. (rN+)
You are resistant to electric shocks. (rElec)
You can survive without breathing.
You are immune to petrification.
You are immune to rotting.


Message History

The gargoyle is lightly damaged.
You block the gargoyle's attack.
You hit the gargoyle but do no damage.
The gargoyle is lightly damaged.
The gargoyle hits you with a mace!
You hit the gargoyle but do no damage.
The gargoyle is lightly damaged.
The gargoyle hurls a stone arrow at you.
The stone arrow hits you!
* * * LOW HITPOINT WARNING * * *
You are too injured to fight recklessly!
You are too injured to fight recklessly!
The gargoyle hurls a stone arrow at you.
The stone arrow misses you.
The gargoyle hurls a stone arrow at you.
The stone arrow hits you!
* * * LOW HITPOINT WARNING * * *
The gargoyle hurls a stone arrow at you.
The stone arrow hits you!
You die...

#....####
###########..≈.≈p.#
#...........≈.≈.≈..
#.###########...### #.#
..#p≈.# # #.# ...#pp.# #
#.# ....#.≈.# #
######.#####.....#...###
........@...9.....#.≈.#..
..................#...#
...P..............#≈_≈#
..####.......######≈≈≈# .
#......... ##### #
#..##...... ....#
#..##....... ..... ...
#...#### #.... #....


You could see a gargoyle.

Vanquished Creatures
  Pikel (D:7)
  Prince Ribbit (D:6)
  Sigmund (D:6)
  Eustachio (D:6)
  A sky beast (D:7)
  A slave (D:7)
  The ghost of tyrsky the Ruffian, an amateur MiMo (D:3)
  A phantom (D:7)
  A centaur (D:7)
  2 giant frogs
  Blork the orc (D:5)
  A howler monkey (D:3)
  A crimson imp (D:7)
  2 giant frog zombies
  4 hounds (D:5)
  3 jellies (D:6)
  3 orc priests
  An iguana (D:5)
  Ijyb (D:3)
  4 worker ants
  A hound zombie (D:7)
  A hound skeleton (D:7)
  4 gnolls (D:5)
  11 adders
  A shadow imp (D:5)
  An ooze (D:1)
  An adder skeleton (D:6)
  An adder zombie (D:7)
  4 worms
  3 dart slugs
  5 giant geckos
  7 orcs
  4 giant cockroaches
  8 goblins
  9 hobgoblins
  7 jackals
  10 kobolds
  3 quokkas
  6 ball pythons (Sewer)
  8 bats
  A giant gecko skeleton (D:4)
  6 giant newts
  A jackal zombie (D:6)
  9 rats
144 creatures vanquished.

Notes
Turn   | Place    | Note
--------------------------------------------------------------
     0 | D:1      | Heskey the Gargoyle Fighter began the quest for the Orb.
     0 | D:1      | Reached XP level 1. HP: 14/14 MP: 1/1
   120 | D:1      | Reached XP level 2. HP: 18/20 MP: 2/2
   255 | D:1      | Reached skill level 4 in Fighting
   517 | D:1      | Reached XP level 3. HP: 24/24 MP: 3/3
   787 | D:2      | Found a glowing silver altar of Zin.
  1086 | D:2      | Reached XP level 4. HP: 24/30 MP: 4/4
  1542 | D:3      | Noticed tyrsky's ghost (amateur MiMo)
  1574 | D:3      | Killed tyrsky's ghost
  1574 | D:3      | Reached skill level 5 in Fighting
  1574 | D:3      | Reached XP level 5. HP: 13/35 MP: 5/5
  1834 | D:3      | Found a shattered altar of Ashenzari.
  1925 | D:3      | Reached XP level 6. HP: 10/41 MP: 6/6
  2206 | D:3      | Found a white marble altar of Elyvilon.
  2248 | D:3      | Noticed Ijyb
  2279 | D:3      | Killed Ijyb
  2324 | D:3      | Reached skill level 6 in Fighting
  2777 | D:4      | Found a glowing drain.
  2785 | Sewer    | Entered a sewer
  2924 | Sewer    | Reached skill level 5 in Armour
  3324 | D:4      | Reached XP level 7. HP: 46/47 MP: 7/7
  3470 | D:4      | Found a deep blue altar of Sif Muna.
  3502 | D:4      | Noticed an enchanted dagger
  3504 | D:4      | Noticed a dagger
  3506 | D:4      | Found a hide-covered altar of Uskayaw.
  3528 | D:4      | Became a worshipper of Uskayaw the Reveler
  3590 | D:5      | Entered Level 5 of the Dungeon
  3605 | D:5      | Reached * piety under Uskayaw
  3607 | D:5      | Reached ** piety under Uskayaw
  3608 | D:5      | Found Jikhoury's Jewellery Shoppe.
  3612 | D:5      | Bought a +3 ring of strength for 157 gold pieces
  3631 | D:5      | Reached skill level 7 in Fighting
  3634 | D:5      | Found Rurharoq's Magic Scroll Shoppe.
  3655 | D:5      | Found a glowing golden altar of the Shining One.
  3666 | D:5      | Found Niamm's Distillery.
  3684 | D:5      | Found Ysmellet's Magic Scroll Shoppe.
  3884 | D:5      | Found an iron altar of Okawaru.
  3946 | D:5      | Noticed Blork the orc
  3960 | D:5      | Killed Blork the orc
  3988 | D:5      | Found a basalt altar of Yredelemnul.
  4120 | D:5      | Found a radiant altar of Vehumet.
  4346 | D:6      | Found a staircase to the Ecumenical Temple.
  4411 | D:6      | Reached XP level 8. HP: 36/54 MP: 8/8
  4452 | D:6      | Noticed Sigmund
  4456 | D:6      | Noticed Prince Ribbit
  4461 | D:6      | Killed Sigmund
  4461 | D:6      | Reached skill level 8 in Fighting
  4464 | D:6      | Reached *** piety under Uskayaw
  4465 | D:6      | Reached **** piety under Uskayaw
  4801 | D:6      | Noticed Eustachio
  4816 | D:6      | Killed Eustachio
  4852 | D:6      | Found an oddly glowing altar of Pakellas.
  4942 | D:6      | Reached skill level 5 in Maces & Flails
  5256 | D:6      | Reached skill level 9 in Fighting
  5551 | D:6      | Found Keusocal's Book Emporium.
  5755 | D:6      | Killed Prince Ribbit
  5857 | D:7      | Reached XP level 9. HP: 60/61 MP: 9/9
  5891 | D:7      | Found a blossoming altar of Fedhas.
  6062 | D:7      | Noticed Pikel
  6097 | D:7      | Killed Pikel
  6097 | D:7      | Reached skill level 10 in Fighting
  6118 | D:7      | Found a sacrificial altar of Ru.
  6147 | D:7      | Noticed a gargoyle
  6157 | D:7      | Killed from afar by a gargoyle

Vault maps used:
D:1:      moated_graveyard_arrival
D:2:      lemuel_coloured_pillars_altar, first_bread
D:3:      nicolae_overflow_hidden_temple, uniq_iyjb
D:4:      kennysheep_little_box, dancing_weapons_uskayaw,
          lightli_sewer_entry_pipes
D:5:      kennysheep_okawaru_gauntlet, kennysheep_mini_moat, marbit_many_paths,
          basic_altar, serial_shops, shop_fountains, shop,
          nicolae_shop_competitors_out_of_business, shop_fountains,
          kennysheep_small_square, uniq_blork_the_orc
D:6:      grunt_pakellas_basics, minmay_temple_entry_statues_fountains,
          serial_shops, shop, nicolae_sextant, uniq_prince_ribbit1,
          uniq_eustachio, uniq_sigmund
D:7:      corexii_shack_village, nicolae_overflow_crystal_walls,
          nicolae_ru_path_of_blood, uniq_pikel
Sewer:    sewer_co_cracked_pipes

Skill      XL: |  1  2  3  4  5  6  7  8  9 |
---------------+----------------------------+-----
Fighting       | 4 5 6 7 9 10 | 10.3
Maces & Flails | 3 4 5 6 |  6.2
Armour         | 4 5 6 7 |  7.5
Shields        | |  3.2

Action                   |  1- 3 |  4- 6 |  7- 9 || total
-------------------------+-------+-------+-------++-------
Melee: Flail             |   149 |   283 |   401 ||   833
Invok: Stomp             |       |       |     1 ||     1
  Use: Potion            |     6 |     2 |     1 ||     9
       Scroll            |     5 |       |       ||     5
 Stab: Paralysed         |       |       |     1 ||     1
  Eat: Chunk             |     1 |     8 |     7 ||    16
       Bread ration      |       |       |     1 ||     1
Armor: Scale mail        |   117 |   201 |   273 ||   591
Dodge: Dodged            |    79 |   117 |   151 ||   347
Block: Shield            |   111 |   165 |   236 ||   512
